 Dungeon Crawl Stone Soup version 0.30-a0-250-g41c1d76940 (webtiles) character file.

Game seed: 115347064238965962

122 ytrimaz the Ruffian (level 4, -6/66 HPs)
             Began as a Troll Transmuter on Oct 12, 2022.
             Killed from afar by a white imp (8 damage)
             ... with a puff of frost
             ... summoned by Natasha
             ... on level 2 of the Dungeon.
             The game lasted 00:01:22 (646 turns).

ytrimaz the Ruffian (Troll Transmuter)               Turns: 646, Time: 00:01:23

Health: -6/66      AC: 22    Str: 18    XL:     4   Next: 78%
Magic:  4/4        EV:  1    Int: 11    God:
Gold:   78         SH:  0    Dex: 16    Spells: 4/5 levels left

rFire   . . .      SeeInvis .      - Unarmed
rCold   . . .      Faith    .    (no shield)
rNeg    . . .      Spirit   .    (body armour currently unavailable)
rPois   +          Reflect  .    (helmet currently unavailable)
rElec   .          Harm     .    (cloak currently unavailable)
rCorr   .          Rampage  .    (gloves unavailable)
Will    .....      NoTele   +    (boots unavailable)
Stlth   +.........               (no amulet)
HPRegen 1.11/turn                j - +6 ring of dexterity
MPRegen 0.09/turn                (no ring)

@: tree-form, attractive, hasted, very quick
A: stationary, stasis, torment immunity, boosted hp, large, unfitting armour,
(claws 3), regeneration 1, (shaggy fur 1), (tough skin 1)
a: no special abilities


You were on level 2 of the Dungeon.
You were a tree.
You visited 1 branch of the dungeon, and saw 2 of its levels.

You collected 78 gold pieces.


Innate Abilities, Weirdness & Mutations

You are a tree.
Your roots penetrate the ground, keeping you stationary.
You cannot be teleported.
You are immune to unholy pain and torment.
Your maximum health is greatly increased.
Your equipment is partially melded.
You are too large for most types of armour.
((You have claws for hands.))
Your natural rate of healing is unusually fast.
((You are covered in fur. (AC +1)))
((You have tough skin. (AC +1)))


   Skills:
 * Level 2.7 Fighting
 - Level 1.5 Dodging
 * Level 4.4 Unarmed Combat
 - Level 1.2 Spellcasting
 - Level 1.3 Transmutations


You had 4 spell levels left.
You knew the following spells:

 Your Spells              Type           Power      Damage    Failure   Level
a - Beastly Appendage     Tmut           6%         N/A       19%         1

Your spell library contained the following spells:

 Spells                   Type           Power      Damage    Failure   Level
 Wereblood                Tmut           3%         N/A       26%         2
 Blink                    Tloc           0%         N/A       43%         2
 Momentum Strike          Conj/Tloc      0%         3d8       43%         2
 Spider Form              Tmut/Pois      2%         N/A       56%         3
 Lesser Beckoning         Tloc           0%         N/A       67%         3
 Ice Form                 Ice/Tmut       2%         N/A       93%         4

Inventory:

Armour
 a - a +0 robe (melded)
Jewellery
 j - a +6 ring of dexterity (left branch)
   (You found it on level 2 of the Dungeon)
Scrolls
 c - a scroll of enchant armour {unknown}
 g - a scroll of identify {unknown}
 k - 3 scrolls of teleportation {unknown}
 n - a scroll of amnesia {unknown}
Potions
 d - a potion of might {unknown}
 e - 2 potions of attraction
 f - 2 potions of haste
 h - a potion of flight {unknown}
 i - a potion of invisibility {unknown}
 l - a potion of curing {unknown}
 m - a potion of heal wounds {unknown}

Dungeon Overview and Level Annotations

Branches:
Dungeon (2/15) Zot: 11359

Altars:

Annotations:
D:2 Natasha

##########
.....5...#
.........#
......hB5#
......gā™£.#
......g..#
....#....# ...
#....###############
.
#...................
#....###############
#..### ###### .>...
...... ..##. ######


You could see Natasha, a crimson imp (summoned), a white imp (summoned), a giant
cockroach and 2 hobgoblins.


Message History

The giant cockroach bites you but does no damage.
Natasha claws you. šŸ˜• HP[-1]
You take 1 damage, and now have 35/44 hp.
You barely miss Natasha. The giant cockroach closely misses you.
The white imp closely misses you.
Natasha closely misses you. šŸ˜• HP[+1] Unknown command.
You closely miss Natasha.
The giant cockroach bites you but does no damage.
The hobgoblin hits you but does no damage.
The white imp hits you. The white imp freezes you. Natasha claws you.
The giant cockroach closely misses you. šŸ˜® HP[-4]
You take 4 damage, and now have 32/44 hp.
You scratch Natasha. The hobgoblin hits you. The white imp closely misses you.
The giant cockroach barely misses you. Natasha misses you. šŸ˜® HP[-1]
You take 1 damage, and now have 31/44 hp.
You are too injured to fight recklessly!
You completely miss Natasha. The hobgoblin barely misses you.
The white imp gestures at you. The puff of frost misses you.
The puff of frost misses the hobgoblin.
The giant cockroach bites you but does no damage.
Natasha claws you! šŸ˜® HP[-7]
You take 7 damage, and now have 24/44 hp.
Unknown command.
You miss Natasha. The hobgoblin closely misses you. The hobgoblin misses you.
The white imp picks up a beetle and eats it.
The white imp gestures at you. The puff of frost misses you.
The puff of frost hits the hobgoblin.
The giant cockroach bites you but does no damage. šŸ˜® HP[+1]
You are too injured to fight recklessly!
You scratch Natasha but do no damage. Natasha claws you.
The hobgoblin hits you.
* * * LOW HITPOINT WARNING * * *
The hobgoblin misses you. The white imp barely misses you.
The giant cockroach bites you.
* * * LOW HITPOINT WARNING * * *
šŸ˜Ø HP[-5]
You take 5 damage, and now have 20/44 hp.
Unknown command.
You are too injured to fight recklessly!
You barely miss Natasha. Natasha claws you.
* * * LOW HITPOINT WARNING * * *
The giant cockroach closely misses you. The hobgoblin barely misses you.
The hobgoblin closely misses you. The white imp puffs mist at you.
The white imp barely misses you. šŸ˜Ø HP[-3]
You take 3 damage, and now have 17/44 hp.
You scratch Natasha. Natasha claws you!
* * * LOW HITPOINT WARNING * * *
The giant cockroach completely misses you.
The hobgoblin hits you.
* * * LOW HITPOINT WARNING * * *
The hobgoblin hits you.
* * * LOW HITPOINT WARNING * * *
The white imp hits you.
* * * LOW HITPOINT WARNING * * *
The white imp freezes you.
* * * LOW HITPOINT WARNING * * *
šŸ˜± HP[-14]
You take 14 damage, and now have 3/44 hp.
MASSIVE DAMAGE!! (PAUSE) Really quaff the potion of lignification?
You turn into a tree.
Your +0 robe melds into your body.
Your roots penetrate the ground.
The giant cockroach bites you but does no damage.
Natasha stares at you and mumbles some strange words.
You resist with some effort.
The hobgoblin hits you but does no damage.
The hobgoblin hits you.
* * * LOW HITPOINT WARNING * * *
The white imp hits you but does no damage. šŸ˜± HP[+1]
You now have 66 max hp (+22).
Unknown command.
It was a potion of attraction.
You feel attractive to monsters.
The giant cockroach bites you but does no damage.
Natasha stares at you and mumbles some strange words.
You resist with some effort.
The hobgoblin hits you but does no damage.
The hobgoblin hits you.
* * * LOW HITPOINT WARNING * * *
The white imp gestures at you. The puff of frost hits you.
* * * LOW HITPOINT WARNING * * *
The giant cockroach completely misses you. šŸ˜± HP[-3]
You take 3 damage, and now have 1/66 hp.
It was a potion of haste.
You feel yourself speed up.
Natasha casts a spell.
The hobgoblin hits you but does no damage. x2
The white imp gestures at you. The puff of frost hits you!
You die...

Skill      XL: |  1  2  3 |
---------------+----------+-----
Fighting       | 1 2 |  2.7
Unarmed Combat | 4 |  4.4
Dodging        | |  1.5
Spellcasting   | |  1.2
Transmutations | |  1.3

Action                   |  1- 3 |  4- 6 || total
-------------------------+-------+-------++-------
Melee: Unarmed           |    64 |    19 ||    83
       Punch             |     3 |       ||     3
  Use: Potion            |       |     3 ||     3
 Stab: Sleeping          |     1 |       ||     1
Armor: Robe              |    29 |     8 ||    37
       Skin              |       |     7 ||     7
Dodge: Dodged            |    25 |    24 ||    49

Levels and vault maps discovered:
D:1:      psy_arrival_radial01, layout_rooms, corexii_leaking_fountain
D:2:      layout_basic, serial_shops, nicolae_shop_statue_plus, uniq_natasha,
          uniq_jessica

Notes
Turn   | Place    | Note
-------+----------+-------------------------------------------
     0 | D:1      | ytrimaz the Troll Transmuter began the quest for the Orb.
     0 | D:1      | Reached XP level 1. HP: 18/18 MP: 1/1
     0 | D:1      | magus.rc [v1.9.6]
    69 | D:1      | Reached skill level 1 in Fighting
   134 | D:1      | Reached XP level 2. HP: 11/26 MP: 2/2
   219 | D:1      | You pick up a book of Spatial Translocations and begin
                  | reading...
   219 | D:1      | You add the spells Blink, Momentum Strike and Lesser
                  | Beckoning to your library.
   266 | D:1      | Reached XP level 3. HP: 30/35 MP: 3/3
   419 | D:2      | Noticed Jessica
   423 | D:2      | Killed Jessica
   424 | D:2      | Reached skill level 2 in Fighting
   435 | D:2      | Reached skill level 4 in Unarmed Combat
   447 | D:2      | Noticed Natasha
   455 | D:2      | Killed Natasha
   456 | D:2      | Reached XP level 4. HP: 35/44 MP: 4/4
   558 | D:2      | Noticed Natasha
   566 | D:2      | Killed Natasha
   630 | D:2      | Noticed Natasha
   643 | D:2      | HP: 10/44 [Natasha (8)]
   643 | D:2      | HP: 3/44 [white imp[Natasha] (4)]
   645 | D:2      | HP: 1/66 [white imp/puff of frost[Natasha] (2)]
   646 | D:2      | Killed from afar by a white imp

Vanquished Creatures
  Jessica (D:2)
  Natasha (twice) (D:2)
  A gnoll (D:1)
  An adder (D:2)
  2 dart slugs (D:1)
  2 endoplasms (D:2)
  3 giant cockroaches
  4 goblins
  2 hobgoblins
  3 kobolds (D:1)
  A quokka (D:1)
  2 bats (D:1)
  2 frilled lizards
26 creatures vanquished.

Table legend:
 A = Non-vault XP
 B = Vault XP
 C = Vault XP percentage of total XP
 D = Non-vault monster count
 E = Vault monster count
 F = Vault count percentage of total count
                 A         B        C        D         E       F
            +---------+---------+-------+---------+---------+-------
      Total |     102 |      73 |  41.7 |      24 |       2 |   7.7
            +---------+---------+-------+---------+---------+-------
        D:1 |      42 |       0 |   0.0 |      15 |       0 |   0.0
        D:2 |      60 |      73 |  54.9 |       9 |       2 |  18.2
            +---------+---------+-------+---------+---------+-------

Illustrated notes

Table legend:
 A = Kills in this place as a percentage of kills in entire the game.
 B = Kills by you in this place as a percentage of kills by you in the entire game.
 C = Kills by friends in this place as a percentage of kills by friends in the entire game.
 D = Other kills in this place as a percentage of other kills in the entire game.
 E = Experience gained in this place as a percentage of experience gained in the entire game.
 F = Experience gained in this place divided by the number of levels of this place that you have seen.
                   A       B       C       D       E      F
               +-------+-------+-------+-------+-------+----------------------
         Total | 100.0 | 100.0 |   N/A |   N/A | 100.0 |  87.5
       Dungeon | 100.0 | 100.0 |   N/A |   N/A | 100.0 |  87.5
               +-------+-------+-------+-------+-------+----------------------

Table legend: (Time is in decaauts)
 A = Elapsed time spent in this place.
 B = Non-inter-level travel time spent in this place.
 C = Inter-level travel time spent in this place.
 D = Time resting spent in this place.
 E = Time spent auto-exploring this place.
 F = Levels seen in this place.
 G = Mean time per level.
                   A        B        C        D        E       F      G
               +--------+--------+--------+--------+--------+-----+--------+
         Total |    639 |    627 |     12 |      0 |    415 |   2 |  319.5 |
       Dungeon |    639 |    627 |     12 |      0 |    415 |   2 |  319.5 |
               +--------+--------+--------+--------+--------+-----+--------+

Top non-repeatable levels by time:
     D:1: 369 daAuts
     D:2: 270 daAuts
